 Dungeon Crawl Stone Soup version 0.22-b1-59-g0aedee7 (webtiles) character file.

3185 poirepourri the Cleaver (level 9, -4/92 HPs)
             Began as a Deep Dwarf Fighter on Aug 9, 2018.
             Was a Believer of Makhleb.
             Slain by a white ugly thing (22 damage)
             ... on level 7 of the Dungeon.
             The game lasted 00:07:29 (5740 turns).

poirepourri the Cleaver (Deep Dwarf Fighter)        Turns: 5740, Time: 00:07:30

Health: -4/92      AC:  9    Str: 23    XL:     9   Next: 64%
Magic:  15/15      EV:  7    Int: 10    God:    Makhleb [**....]
Gold:   456        SH: 10    Dex: 15    Spells: 8/8 levels left

rFire    . . .     SeeInvis .   a - +2 war axe
rCold    . . .     Gourm    .   c - +0 shield
rNeg     . . .     Faith    .   b - +0 scale mail
rPois    .         Spirit   .   (no helmet)
rElec    .         Reflect  .   g - +1 cloak
rCorr    .         Harm     .   (no gloves)
MR       +....                  (no boots)
Stlth    ..........             (no amulet)
HPRegen  0.00/turn              q - +4 ring of strength
MPRegen  0.14/turn              r - ring of magical power

@: non-regenerating, invisible
A: damage resistance, heal wounds, sense surroundings 2, no regeneration
a: Heal Wounds, Minor Destruction, Renounce Religion


You were on level 7 of the Dungeon.
You worshipped Makhleb.
Makhleb was pleased with you.
You were not hungry.

You visited 2 branches of the dungeon, and saw 8 of its levels.
You also visited: Ossuary.

You collected 456 gold pieces.

Inventory:

Hand Weapons
 a - a +2 war axe (weapon)
Missiles
 h - a throwing net
 i - 308 stones (quivered)
 j - 53 bolts
Armour
 b - a +0 scale mail (worn)
 c - a +0 shield (worn)
 g - a +1 cloak (worn)
Jewellery
 q - a +4 ring of strength (left hand)
 r - a ring of magical power (right hand)
 y - an uncursed ring of resist corrosion {unknown}
Wands
 n - a wand of flame (15)
Scrolls
 e - 8 scrolls of remove curse
 l - 4 scrolls of identify
 o - 4 scrolls of magic mapping
 s - 2 scrolls of teleportation
 t - a scroll of torment {unknown}
 w - 2 scrolls of fear
Potions
 d - 4 potions of lignification
 k - 2 potions of might
 p - a potion of flight {unknown}
 u - a potion of heal wounds
 v - 2 potions of brilliance {unknown}
 x - a potion of degeneration {unknown}
 z - a potion of resistance {unknown}
 A - a potion of curing
 B - a potion of agility {unknown}
Comestibles
 f - 7 rations


   Skills:
 - Level 9.4 Fighting
 - Level 10.1 Axes
 - Level 3.2 Armour
 + Level 4.2 Shields


You had 8 spell levels left.
You didn't know any spells.
Your spell library was empty.

Dungeon Overview and Level Annotations

Branches:
Dungeon (7/15)             Temple (1/1) D:5

Altars:
Ashenzari
Dithmenos
Elyvilon
Fedhas
Gozag
Hepliaklqana
Kikubaaqudgha
Makhleb
Nemelex Xobeh
Ru
Sif Muna
Uskayaw
Vehumet
Wu Jian
Xom
Zin
The Shining One

Shops:
D:6 }

Annotations:
D:6 2 transporters


Innate Abilities, Weirdness & Mutations

You are resistant to damage.
You can heal yourself by infusing magical energy.
You passively map the area around you.
You do not regenerate.


Message History

The white ugly thing tentacle-slaps you but does no damage.
You slash the white ugly thing!
The white ugly thing is lightly wounded.
The white ugly thing closely misses you.
You closely miss the white ugly thing.
The white ugly thing is lightly wounded.
The white ugly thing tentacle-slaps you!
The white ugly thing freezes you!!
* * * LOW HITPOINT WARNING * * *
An eye of draining comes into view.
You are too injured to fight recklessly!
You are too injured to fight recklessly!
You are too injured to fight recklessly!
You are too injured to fight recklessly!
You are too injured to fight recklessly!
You fade into invisibility!
The white ugly thing tentacle-slaps you.
* * * LOW HITPOINT WARNING * * *
The white ugly thing freezes you!!
You die...

####* #...# *
.... * * ... ,,
, * ..*###### *
* , , G#..[.. *
### *#u..#* * ,
* ,..# #@..# **
** **#.#* ##...#
##.###.#### *
#.....####### ,
###............
*
##.......#######
####........# *,
* *#...........#
* #.##.##....##
** *


You could see a white ugly thing and an eye of draining.

Vanquished Creatures
  Grinder (D:3)
  Sigmund (D:3)
  A sky beast (D:6)
  A phantom (D:6)
  4 ogres
  2 necrophages (D:6)
  A centaur (D:6)
  7 big kobolds (D:4)
  2 scorpions
  A troll zombie (Ossuary)
  A howler monkey (D:5)
  3 crimson imps
  2 centaur zombies (Ossuary)
  A bullfrog zombie (D:6)
  A centaur skeleton (D:6)
  2 orc priests
  2 hounds
  3 jellies (D:2)
  2 human zombies (Ossuary)
  A gnoll shaman (D:5)
  6 orc wizards
  A bullfrog skeleton (D:5)
  2 iguanas
  4 worker ants
  A killer bee zombie (D:5)
  2 ogre zombies (Ossuary)
  7 mummies (Ossuary)
  7 gnolls
  10 adders
  3 shadow imps (D:5)
  10 oozes
  2 adder zombies (Ossuary)
  3 adder skeletons
  A dart slug (D:1)
  A worm (D:2)
  11 orcs
  6 bats
  9 giant cockroaches
  5 goblins
  12 hobgoblins
  6 jackals
  55 kobolds
  3 quokkas
  A ball python (D:2)
  5 frilled lizards
  4 goblin zombies (Ossuary)
  5 hobgoblin zombies (Ossuary)
  2 jackal skeletons
  4 kobold zombies (Ossuary)
  5 quokka zombies
  6 rats
  4 rat zombies (Ossuary)
242 creatures vanquished.

Vanquished Creatures (others)
  5 fungi (D:2)
  9 toadstools (D:2)
14 creatures vanquished.

Grand Total: 256 creatures vanquished

Notes
Turn   | Place    | Note
-------+----------+-------------------------------------------
     0 | D:1      | poirepourri the Deep Dwarf Fighter began the quest for the Orb.
     0 | D:1      | Reached XP level 1. HP: 20/20 MP: 1/1
   182 | D:1      | Reached skill level 3 in Axes
   191 | D:1      | Reached XP level 2. HP: 21/27 MP: 2/2
   834 | D:2      | Reached XP level 3. HP: 12/33 MP: 3/3
   883 | D:2      | Reached skill level 4 in Axes
  1254 | D:2      | Reached skill level 5 in Axes
  1254 | D:2      | Reached XP level 4. HP: 27/40 MP: 4/4
  1262 | D:2      | Reached skill level 6 in Axes
  1262 | D:2      | Reached XP level 5. HP: 29/46 MP: 5/5
  1597 | D:3      | Noticed Grinder
  1619 | D:3      | Paralysed by Grinder for 3 turns
  1628 | D:3      | Killed Grinder
  1628 | D:3      | Reached skill level 8 in Axes
  1628 | D:3      | Reached XP level 6. HP: 41/55 MP: 5/5
  1690 | D:3      | Noticed Sigmund
  1700 | D:3      | Killed Sigmund
  1700 | D:3      | Reached XP level 7. HP: 21/61 MP: 6/6
  2151 | D:3      | Reached skill level 9 in Axes
  2687 | D:4      | Reached skill level 10 in Axes
  2790 | D:4      | Reached XP level 8. HP: 32/69 MP: 6/6
  2865 | D:4      | Reached skill level 5 in Fighting
  3092 | D:4      | Found an ancient bone altar of Kikubaaqudgha.
  3381 | D:5      | Entered Level 5 of the Dungeon
  3783 | D:5      | Gained mutation: You passively map the area around you. [Deep Dwarf growth]
  3783 | D:5      | Reached XP level 9. HP: 35/86 MP: 7/7
  4111 | D:5      | Found a staircase to the Ecumenical Temple.
  4119 | Temple   | Entered the Ecumenical Temple
  4303 | Temple   | Became a worshipper of Makhleb the Destroyer
  4974 | D:6      | Found a transporter.
  4985 | D:6      | Found a transporter.
  5029 | D:6      | Reached * piety under Makhleb
  5089 | D:6      | Found a sand-covered staircase.
  5097 | Ossuary  | Entered an ossuary
  5330 | Ossuary  | Reached ** piety under Makhleb
  5503 | D:6      | Found Tonul's Gadget Shop.
  5733 | D:7      | Noticed a white ugly thing
  5740 | D:7      | Slain by a white ugly thing

Skill      XL: |  1  2  3  4  5  6  7  8  9 |
---------------+----------------------------+-----
Axes           | 3 5 6 8 10 | 10.1
Fighting       | 3 7 9 |  9.4
Shields        | 4 |  4.2
Armour         | |  3.2

Action                   |  1- 3 |  4- 6 |  7- 9 || total
-------------------------+-------+-------+-------++-------
Melee: War axe           |   142 |    85 |   438 ||   665
 Abil: Heal Wounds       |     1 |     1 |     7 ||     9
Evoke: Wand              |       |       |    12 ||    12
  Use: Scroll            |     4 |     2 |     9 ||    15
       Potion            |     1 |     2 |     3 ||     6
  Eat: Ration            |     1 |       |     4 ||     5
Armor: Scale mail        |    74 |    25 |   163 ||   262
Dodge: Dodged            |    50 |    22 |   104 ||   176
Block: Shield            |    80 |    30 |   225 ||   335
